 Dungeon Sprint DCSS version 0.21.1-1-g345015f (webtiles) character file.

208 Fang the Cleaver (level 8, -3/132 HPs)
             Began as a Minotaur Berserker on June 23, 2018.
             Was a High Priest of Trog.
             Slain by a naga warlord
             ... wielding a cursed -2 scimitar
              (5 damage)
             ... in the Dungeon (Sprint VI: "Thunderdome").
             The game lasted 00:02:38 (640 turns).

Fang the Cleaver (Minotaur Berserker)                Turns: 640, Time: 00:02:39

Health: -3/132     AC:  2    Str: 29    XL:     8   Next: 53%
Magic:  2/2        EV: 12    Int:  4    God:    Trog [*****.]
Gold:   500        SH:  0    Dex: 10    Spells: 7/7 levels left

rFire    . . .     SeeInvis .   n - +4 battleaxe (antimagic)
rCold    . . .     Gourm    .   (shield currently unavailable)
rNeg     . . .     Faith    .   b - +0 animal skin
rPois    .         Spirit   .   (helmet restricted)
rElec    .         Reflect  .   (no cloak)
rCorr    .         Harm     .   (no gloves)
MR       .....     Rnd*Rage +   (no boots) Stlth ..........NoTele +
                                (no amulet)
HPRegen  0.32/turn              (no ring)
MPRegen  0.08/turn              (no ring)

@: berserking, lethally poisoned (-3 -> -6), starving, constricted, very quick
A: retaliatory headbutt, horns 2, berserk 1, MP-powered wands
a: Berserk, Trog's Hand, Brothers in Arms, Burn Spellbooks, Renounce Religion


You were in the Dungeon.
You worshipped Trog.
Trog was extremely pleased with you.
You were starving.

You visited 1 branch You collected 500 gold pieces.

Inventory:

Hand Weapons
 a - a +0 hand axe
 n - a +4 antimagic battleaxe (weapon)
Armour
 b - a +0 animal skin (worn)
Wands
 k - a wand of acid (5)
 l - a wand of iceblast (5)
Scrolls
 i - 4 scrolls of blinking
 m - 3 scrolls of fog
Potions
 d - a potion of curing
 e - 2 potions of heal wounds
 f - 4 potions of haste
 g - 2 potions of magic
 h - a potion of berserk rage
 j - a potion of resistance
Comestibles
 c - a ration


   Skills:
 + Level 13.8 Fighting
 + Level 14.1 Axes
 + Level 7.4 Armour
 + Level 8.2 Dodging
 + Level 1.0 Stealth


You had 7 spell levels left.
You didn't know any spells.

Dungeon Overview and Level Annotations

Branches:
Dungeon (1/1)

Altars:
Cheibriados
Dithmenos
Fedhas
Gozag
Kikubaaqudgha
Makhleb
Okawaru
Qazlal
Ru
Sif Muna
Trog
Uskayaw
Vehumet
Wu Jian
Xom
Yredelemnul
Zin
The Shining One
Beogh
Jiyva
Lugonu

Shops:
D *[%??*?*:[((!!!!


Innate Abilities, Weirdness & Mutations

You reflexively headbutt those who attack you in melee.
You have a pair of horns on your head.
You tend to lose your temper in combat.
You expend magic power (3 MP) to strengthen your wands.


Message History

The naga warlord blocks your attack.
The naga warlord is moderately wounded.
The naga warlord closely misses you. The naga warlord constricts you.
The naga warlord blocks your attack.
Your headbutt misses the naga warlord.
The naga warlord is moderately wounded.
You feel sick.
You slice the naga warlord!! Your headbutt misses the naga warlord.
The naga warlord is heavily wounded.
The naga warlord hits you with an enchanted scimitar!!
* * * LOW HITPOINT WARNING * * *
x2 The naga warlord constricts you.
You barely miss the naga warlord. Your headbutt misses the naga warlord.
The naga warlord is heavily wounded.
* * * LOW HITPOINT WARNING * * *
You feel sick.
You slash the naga warlord!
The naga warlord is severely wounded.
The naga warlord spits poison at you. The splash of poison misses you.
You die...

....###..)....__∩##
..8.# #.8........∩###
....###.............##
.###...###..........⌠#
.# #.<.# #.........)⌠#
.###...###..........⌠#
....###.............##
.)8.# #.8........∩###
....###......._N@##
8.........8.######
...........⌠#
#)........###
#_......._#
#_......._#
#_......._#
#∩.......∩#
##∩.....∩##


You could see a naga warlord.

Vanquished Creatures
  Pikel (D)
  A shining eye (D)
  2 wraiths (D)
  3 floating eyes (D)
  A wight (D)
  A gnoll (D)
  3 oozes (D)
  A spectral adder (D)
  An orc (D)
  A spectral bat (D)
  2 goblins (D)
  2 hobgoblins (D)
  2 kobolds (D)
  A spectral giant cockroach (D)
22 creatures vanquished.

Notes
Turn   | Place    | Note
-------+----------+-------------------------------------------
     0 | D        | Fang the Minotaur Berserker began the quest for the Orb.
     0 | D        | Reached XP level 1. HP: 19/19 MP: 0/0
     3 | D        | Found a burning altar of Makhleb.
     4 | D        | Found a hide-covered altar of Uskayaw.
     4 | D        | Found a shadowy altar of Dithmenos.
     5 | D        | Found a snail-covered altar of Cheibriados.
     5 | D        | Round 1.
     6 | D        | Found a glowing golden altar of the Shining One.
     6 | D        | Found an opulent altar of Gozag.
     6 | D        | Found Esepn's Staff Store.
     6 | D        | Found Ugryn's Magic Scroll Shop.
     7 | D        | Found Juath's Must-Have Magic.
     7 | D        | Found Jenus's Magic Scroll Shop.
    12 | D        | Found a bloodstained altar of Trog.
    16 | D        | Reached skill level 4 in Axes
    18 | D        | Found an iron altar of Okawaru.
    20 | D        | Found a glowing silver altar of Zin.
    22 | D        | Found Pireacex's Delicious Food.
    24 | D        | Found Musauf's Jewellery.
    24 | D        | Found Leifeop's Advanced Armour.
    25 | D        | Found a blossoming altar of Fedhas.
    25 | D        | Found an ancient bone altar of Kikubaaqudgha.
    25 | D        | Found a sacrificial altar of Ru.
    25 | D        | Found Wioxzoso's Identification Station.
    42 | D        | Found a radiant altar of Vehumet.
    85 | D        | Found a basalt altar of Yredelemnul.
    87 | D        | Found Cehasch's Distillery.
    90 | D        | Reached XP level 2. HP: 25/28 MP: 1/1
   129 | D        | Reached ** piety under Trog
   129 | D        | Reached skill level 5 in Fighting
   129 | D        | Reached skill level 5 in Axes
   178 | D        | Found an ornate altar of the Wu Jian Council.
   178 | D        | Found a shimmering altar of Xom.
   178 | D        | Found Wooseuth's Do-It-Yourself Clinic.
   188 | D        | Found Sucw's Distillery.
   188 | D        | Found Korhith's Bottled Wisdom.
   189 | D        | Arena points: 5 (+5) [x1]
   204 | D        | Round 2.
   274 | D        | Found a deep blue altar of Sif Muna.
   278 | D        | Found a corrupted altar of Lugonu.
   278 | D        | Found a stormy altar of Qazlal.
   278 | D        | Found Gug Gif's Weapon Rack.
   278 | D        | Found Lomamm's Basic Armour.
   279 | D        | Found Kezxumil's Miscellaneous Merchandise.
   284 | D        | Found Paeclihu's Premium Goods.
   284 | D        | Found a viscous altar of Jiyva.
   284 | D        | Found a roughly hewn altar of Beogh.
   304 | D        | Reached *** piety under Trog
   305 | D        | Noticed Pikel
   317 | D        | Killed Pikel
   317 | D        | Reached skill level 11 in Axes
   317 | D        | Reached skill level 5 in Armour
   317 | D        | Reached skill level 5 in Dodging
   317 | D        | Reached XP level 3. HP: 43/47 MP: 2/2
   317 | D        | Reached XP level 4. HP: 51/55 MP: 3/3
   317 | D        | Reached XP level 5. HP: 56/61 MP: 4/4
   317 | D        | Reached XP level 6. HP: 63/68 MP: 5/5
   328 | D        | Arena points: 33 (+28) [x2]
   365 | D        | Round 3.
   371 | D        | Reached **** piety under Trog
   385 | D        | Noticed a wraith
   388 | D        | Noticed a wraith
   393 | D        | Killed a wraith
   393 | D        | Reached skill level 12 in Axes
   393 | D        | Reached XP level 7. HP: 46/77 MP: 6/6
   398 | D        | Reached ***** piety under Trog
   400 | D        | HP: 4/115 [wraith (7)]
   407 | D        | Killed a wraith
   407 | D        | Arena points: 96 (+63) [x3]
   440 | D        | Round 4.
   451 | D        | Paralysed by a floating eye for 3 turns
   459 | D        | Paralysed by a floating eye for 4 turns
   464 | D        | Reached skill level 13 in Axes
   464 | D        | Reached XP level 8. HP: 25/85 MP: 7/7
   525 | D        | Paralysed by a floating eye for 3 turns
   540 | D        | Noticed a shining eye
   555 | D        | Gained mutation: You expend magic power (3 MP) to strengthen your wands. [a shining eye]
   560 | D        | Gained mutation: You tend to lose your temper in combat. [a shining eye]
   570 | D        | Killed a shining eye
   570 | D        | Received a gift from Trog
   570 | D        | Arena points: 208 (+112) [x4]
   570 | D        | Reached skill level 14 in Axes
   570 | D        | Reached skill level 1 in Stealth
   584 | D        | Round 5.
   587 | D        | Noticed a naga warlord
   624 | D        | HP: 4/88 [naga warlord/splash of poison (12)]
   628 | D        | HP: 1/88 [poisoned by a naga warlord (splash of poison)]
   638 | D        | HP: 3/132 [naga warlord/enchanted scimitar (5)]
   640 | D        | Slain by a naga warlord

Skill      XL: |  1  2  3  4  5  6  7  8 |
---------------+-------------------------+-----
Fighting       | 4 11 12 13 | 13.8
Axes           | 4 11 12 13 14 | 14.1
Armour         | 5 6 7 |  7.4
Dodging        | 5 6 7 8 |  8.2
Stealth        | 1 |  1.0

Action                   |  1- 3 |  4- 6 |  7- 9 || total
-------------------------+-------+-------+-------++-------
Melee: Hand axe          |    17 |    18 |    26 ||    61
       Headbutt          |     4 |     3 |    13 ||    20
       Battleaxe         |       |       |     9 ||     9
Invok: Berserk           |     2 |     1 |     2 ||     5
  Use: Potion            |       |       |     2 ||     2
  Eat: Chunk             |       |       |     1 ||     1
Armor: Animal skin       |       |     3 |     5 ||     8
Dodge: Dodged            |    12 |    11 |    16 ||    39
